TOP OF THE 1ST |
Appleton Foxes batting - Pitching for Quincy Cubs : RHP Tony Arguelles
|
Pitching: RHP Tony Arguelles
|
|
Batting: LHB Mike Woodard
|
0-0: SINGLE (Groundball, 34D, EV 101.3 MPH)
|
Batting: LHB Juan Bustabad
|
0-0: Called Strike Mike Woodard steals 2nd base 0-1: Swinging Strike 0-2: Ball 1-2: Ball 2-2: Foul Ball, location: 2F 2-2: Ball 3-2: Foul Ball, location: 2F 3-2: Fly out, F9 (Flyball, 89D, EV 103.8 MPH) Runner from 2nd tags up, SAFE at 3rd, no throw by RF
|
Batting: RHB Chris Brown
|
0-0: Hit by Pitch
|
Batting: RHB Robert Gilles
|
0-0: Called Strike 0-1: Ball Pickoff Throw to First - Out! 1-3 1-1: Ball 2-1: Called Strike 2-2: Foul Ball, location: 2F 2-2: Ball 3-2: SINGLE (Groundball, 6MD, EV 96.9 MPH) Mike Woodard scores
|
Batting: SHB Matt Gallegos
|
0-0: Ball 1-0: Ground out 4-3 (Groundball, 4D, EV 107.5 MPH)
|
Top of the 1st over - 1 run, 2 hits, 0 errors, 1 left on base; Appleton 1 - Quincy 0 |
BOTTOM OF THE 1ST |
Quincy Cubs batting - Pitching for Appleton Foxes : RHP Danny Ortiz
|
Pitching: RHP Danny Ortiz
|
|
Batting: RHB George Crum
|
0-0: Called Strike 0-1: Swinging Strike 0-2: Ball 1-2: Strikes out swinging
|
Batting: RHB Albert Romero
|
0-0: Ball 1-0: SINGLE (Groundball, 56D, EV 105.0 MPH)
|
Batting: SHB Willie Perez
|
0-0: Grounds into double play, 6-4-3 (Groundball, 6, EV 104.4 MPH)
|
Bottom of the 1st over - 0 runs, 1 hit, 0 errors, 0 left on base; Appleton 1 - Quincy 0 |
TOP OF THE 2ND |
Appleton Foxes batting - Pitching for Quincy Cubs : RHP Tony Arguelles
|
Batting: LHB John Csefalvay
|
0-0: Ball 1-0: Ball 2-0: Called Strike 2-1: Foul Ball, location: 2F 2-2: Ball 3-2: Foul Ball, location: 2F 3-2: Base on Balls
|
Batting: RHB Victor Mata
|
0-0: Called Strike John Csefalvay steals 2nd base 0-1: Fly out, F8 (Flyball, 8RM, EV 88.1 MPH)
|
Batting: RHB Jeffery Carl
|
0-0: SINGLE (Line Drive, 9S, EV 93.1 MPH) John Csefalvay to third Runner from 3rd tries for Home, throw by RF and OUT! 9-2
|
Batting: RHB Philip Sutton
|
0-0: Ball 1-0: Ground out 2-3 (Groundball, 13S, EV 66.9 MPH)
|
Top of the 2nd over - 0 runs, 1 hit, 0 errors, 1 left on base; Appleton 1 - Quincy 0 |
BOTTOM OF THE 2ND |
Quincy Cubs batting - Pitching for Appleton Foxes : RHP Danny Ortiz
|
Batting: RHB Jack Ayer
|
0-0: Ball 1-0: Called Strike 1-1: Ball 2-1: Foul Ball, location: 2F 2-2: Strikes out looking
|
Batting: LHB Matt Nokes
|
0-0: Ball 1-0: Called Strike 1-1: Ball 2-1: Fly out, F8 (Flyball, 8RD, EV 103.8 MPH)
|
Batting: RHB Billy Best
|
0-0: Ball 1-0: Ground out 6-3 (Groundball, 6, EV 83.1 MPH)
|
Bottom of the 2nd over - 0 runs, 0 hits, 0 errors, 0 left on base; Appleton 1 - Quincy 0 |
TOP OF THE 3RD |
Appleton Foxes batting - Pitching for Quincy Cubs : RHP Tony Arguelles
|
Batting: LHB Mike Woodard
|
0-0: Called Strike 0-1: Ball 1-1: Swinging Strike 1-2: Ball 2-2: Ground out 4-3 (Groundball, 4, EV 91.3 MPH)
|
Batting: LHB Juan Bustabad
|
0-0: Foul Ball, location: 2F 0-1: Called Strike 0-2: Fly out, F7 (Line Drive, 7, EV 97.5 MPH)
|
Batting: RHB Chris Brown
|
0-0: Ball 1-0: Ball 2-0: SINGLE (Flyball, 56D, EV 84.4 MPH)
|
Batting: RHB Robert Gilles
|
0-0: Ball 1-0: Swinging Strike 1-1: Foul Ball, location: 2F 1-2: Strikes out looking
|
Top of the 3rd over - 0 runs, 1 hit, 0 errors, 1 left on base; Appleton 1 - Quincy 0 |
BOTTOM OF THE 3RD |
Quincy Cubs batting - Pitching for Appleton Foxes : RHP Danny Ortiz
|
Batting: RHB Jerry Fry
|
0-0: Ball 1-0: Ball 2-0: Ball 3-0: Called Strike 3-1: Base on Balls
|
Batting: SHB Selwyn Young
|
0-0: Ball 1-0: Called Strike 1-1: Foul Ball, location: 2F 1-2: Foul Ball, location: 2F 1-2: Foul Ball, location: 2F 1-2: Foul Ball, location: 2F 1-2: Hit by Pitch Jerry Fry to second
|
Batting: RHB Garry Keeton
|
0-0: Fly out, F7 (Flyball, 7, EV 91.9 MPH)
|
Batting: RHB George Crum
|
0-0: Called Strike 0-1: Foul Ball, location: 2F 0-2: Ball 1-2: Ball 2-2: Foul Ball, location: 2F 2-2: Foul Ball, location: 2F 2-2: Foul Ball, location: 2F 2-2: Fly out, F4 (Line Drive, 4, EV 73.1 MPH)
|
Batting: RHB Albert Romero
|
0-0: Ball 1-0: Foul Ball, location: 2F 1-1: Foul Ball, location: 2F 1-2: Ball 2-2: Foul Ball, location: 2F 2-2: Strikes out swinging
|
Bottom of the 3rd over - 0 runs, 0 hits, 0 errors, 2 left on base; Appleton 1 - Quincy 0 |
TOP OF THE 4TH |
Appleton Foxes batting - Pitching for Quincy Cubs : RHP Tony Arguelles
|
Batting: SHB Matt Gallegos
|
0-0: SINGLE (Flyball, 8LS, EV 88.8 MPH)
|
Batting: LHB John Csefalvay
|
0-0: Ball 1-0: Foul Ball, location: 2F 1-1: Fielders Choice at 2nd, 6-4 (Groundball, 56, EV 103.8 MPH)
|
Batting: RHB Victor Mata
|
0-0: Ball Wild Pitch! John Csefalvay to second 1-0: Swinging Strike 1-1: Ball 2-1: Ball 3-1: Foul Ball, location: 2F 3-2: Strikes out swinging
|
Batting: RHB Jeffery Carl
|
0-0: Ball 1-0: Ground out 6-3 (Groundball, 56, EV 81.9 MPH)
|
Top of the 4th over - 0 runs, 1 hit, 0 errors, 1 left on base; Appleton 1 - Quincy 0 |
BOTTOM OF THE 4TH |
Quincy Cubs batting - Pitching for Appleton Foxes : RHP Danny Ortiz
|
Batting: SHB Willie Perez
|
0-0: Ball 1-0: Ball 2-0: Fly out, F7 (Flyball, 7, EV 95.6 MPH)
|
Batting: RHB Jack Ayer
|
0-0: Called Strike 0-1: SINGLE (Flyball, 8LS, EV 95.6 MPH)
|
Batting: LHB Matt Nokes
|
0-0: Fly out, F9 (Line Drive, 9, EV 90.6 MPH)
|
Batting: RHB Billy Best
|
0-0: Ball Jack Ayer steals 2nd base 1-0: Fly out, F9 (Flyball, 9LM, EV 94.4 MPH)
|
Bottom of the 4th over - 0 runs, 1 hit, 0 errors, 1 left on base; Appleton 1 - Quincy 0 |
TOP OF THE 5TH |
Appleton Foxes batting - Pitching for Quincy Cubs : RHP Tony Arguelles
|
Batting: RHB Philip Sutton
|
0-0: Reached on error, E6 (Groundball, 6, EV 89.4 MPH)
|
Batting: LHB Mike Woodard
|
0-0: Called Strike Philip Sutton steals 2nd base (no throw) 0-1: Ground out 4-3 (Groundball, 4M, EV 112.5 MPH) Philip Sutton to third
|
Batting: LHB Juan Bustabad
|
0-0: Called Strike 0-1: Ball 1-1: Ball 2-1: Ground out U3 (Groundball, 3, EV 82.5 MPH)
|
Batting: RHB Chris Brown
|
0-0: Called Strike 0-1: Called Strike 0-2: Foul Ball, location: 2F 0-2: Strikes out swinging
|
Top of the 5th over - 0 runs, 0 hits, 1 error, 1 left on base; Appleton 1 - Quincy 0 |
BOTTOM OF THE 5TH |
Quincy Cubs batting - Pitching for Appleton Foxes : RHP Danny Ortiz
|
Batting: RHB Jerry Fry
|
0-0: Ball 1-0: Fly out, F8 (Flyball, 8RXD, EV 99.4 MPH)
|
Batting: SHB Selwyn Young
|
0-0: Called Strike 0-1: Fly out, F5 (Popup, 15, EV 83.8 MPH)
|
Batting: RHB Garry Keeton
|
0-0: Ball 1-0: Called Strike 1-1: Ball 2-1: Foul Ball, location: 2F 2-2: Ground out 5-3 (Groundball, 5, EV 91.9 MPH)
|
Bottom of the 5th over - 0 runs, 0 hits, 0 errors, 0 left on base; Appleton 1 - Quincy 0 |
TOP OF THE 6TH |
Appleton Foxes batting - Pitching for Quincy Cubs : RHP Tony Arguelles
|
Batting: RHB Robert Gilles
|
0-0: Foul Ball, location: 2F 0-1: SINGLE (Groundball, 6MD, EV 102.5 MPH)
|
Batting: SHB Matt Gallegos
|
0-0: Foul Ball, location: 2F 0-1: Ball 1-1: Called Strike 1-2: Ball 2-2: Ball 3-2: Foul Ball, location: 2F Balk! Robert Gilles to second 3-2: Single, Error in OF, E7, batter to second base (Line Drive, 5D, EV 94.4 MPH) Robert Gilles scores
|
Batting: LHB John Csefalvay
|
0-0: Fly out, F8 (Line Drive, 8LD, EV 97.5 MPH) Runner from 2nd tags up, SAFE at 3rd with throw by CF
|
Batting: RHB Victor Mata
|
0-0: Called Strike 0-1: Foul Ball, location: 2F 0-2: Ground out 5-3 (Groundball, 25, EV 72.5 MPH)
|
Batting: RHB Jeffery Carl
|
0-0: Called Strike 0-1: Ball 1-1: Fly out, F8 (Line Drive, 8RM, EV 95.6 MPH)
|
Top of the 6th over - 1 run, 2 hits, 1 error, 1 left on base; Appleton 2 - Quincy 0 |
BOTTOM OF THE 6TH |
Quincy Cubs batting - Pitching for Appleton Foxes : RHP Danny Ortiz
|
Batting: RHB George Crum
|
0-0: Called Strike 0-1: Swinging Strike 0-2: Strikes out looking
|
Batting: RHB Albert Romero
|
0-0: Ball 1-0: Called Strike 1-1: Ball 2-1: Fly out, F9 (Flyball, 9S, EV 81.9 MPH)
|
Batting: SHB Willie Perez
|
0-0: Foul Ball, location: 2F 0-1: Foul Ball, location: 2F 0-2: Ball 1-2: Foul Ball, location: 2F 1-2: SINGLE (Groundball, 34D, EV 102.5 MPH)
|
Batting: RHB Jack Ayer
|
0-0: Foul Ball, location: 2F 0-1: Foul Ball, location: 2F 0-2: Ball 1-2: SINGLE (Flyball, 8RS, EV 95.0 MPH) Willie Perez to second Runner from 2nd tries for 3rd, SAFE, throw by CF made to third
|
Batting: LHB Matt Nokes
|
0-0: Ball 1-0: Ball 2-0: Called Strike 2-1: Ball 3-1: Called Strike 3-2: Strikes out swinging
|
Bottom of the 6th over - 0 runs, 2 hits, 0 errors, 2 left on base; Appleton 2 - Quincy 0 |
TOP OF THE 7TH |
Appleton Foxes batting - Pitching for Quincy Cubs : RHP Tony Arguelles
|
Batting: RHB Philip Sutton
|
0-0: Called Strike 0-1: Called Strike 0-2: Foul Ball, location: 2F 0-2: Ground out 5-3 (Groundball, 56S, EV 88.1 MPH)
|
Batting: LHB Mike Woodard
|
0-0: Called Strike 0-1: Fly out, F3 (Popup, 34, EV 76.9 MPH)
|
Batting: LHB Juan Bustabad
|
0-0: Ball 1-0: Ball 2-0: Ball 3-0: Base on Balls
|
Pitching: LHP Stephen Gelfarb
|
|
Batting: RHB Chris Brown
|
0-0: Ball 1-0: Ball 2-0: Called Strike 2-1: Ball 3-1: SINGLE (Flyball, 34D, EV 87.5 MPH) Juan Bustabad to second Runner from 2nd tries for 3rd, SAFE, throw by RF made to third
|
Batting: RHB Robert Gilles
|
0-0: Ball 1-0: Called Strike 1-1: Ball 2-1: Ball 3-1: Base on Balls Chris Brown to second
|
Batting: SHB Matt Gallegos
|
0-0: Ball 1-0: SINGLE (Line Drive, 9S, EV 106.9 MPH) Juan Bustabad scores Chris Brown to third Robert Gilles to second Runner from 3rd tries for Home, SAFE, throw by RF to home Robert Gilles to third Matt Gallegos to second
|
Batting: LHB John Csefalvay
|
0-0: Ball 1-0: Ball 2-0: Fly out, F8 (Line Drive, 8RM, EV 91.3 MPH)
|
Top of the 7th over - 2 runs, 2 hits, 0 errors, 2 left on base; Appleton 4 - Quincy 0 |
BOTTOM OF THE 7TH |
Quincy Cubs batting - Pitching for Appleton Foxes : RHP Danny Ortiz
|
Batting: RHB Billy Best
|
0-0: Ball 1-0: Ball 2-0: Called Strike 2-1: Foul Ball, location: 2F 2-2: Ball 3-2: Ground out 4-3 (Groundball, 4, EV 105.0 MPH)
|
Batting: RHB Jerry Fry
|
0-0: Called Strike 0-1: SINGLE (Groundball, P, EV 76.9 MPH) (infield hit)
|
Batting: SHB Selwyn Young
|
0-0: Foul Ball, location: 2F 0-1: Fielders Choice at 2nd, 6-4 (Groundball, 56, EV 90.6 MPH)
|
Batting: RHB Garry Keeton
|
0-0: Called Strike 0-1: Called Strike 0-2: Ball 1-2: Ball Selwyn Young steals 2nd base 2-2: Foul Ball, location: 2F 2-2: Strikes out looking
|
Bottom of the 7th over - 0 runs, 1 hit, 0 errors, 1 left on base; Appleton 4 - Quincy 0 |
TOP OF THE 8TH |
Appleton Foxes batting - Pitching for Quincy Cubs : LHP Stephen Gelfarb
|
Batting: RHB Victor Mata
|
0-0: DOUBLE (Flyball, 8LXD, EV 94.4 MPH)
|
Pinch Runner at 2nd George Hinshaw:
|
|
Batting: RHB Jeffery Carl
|
0-0: Ball 1-0: Called Strike 1-1: Ball 2-1: Fly out, F5 (Flyball, 5D, EV 88.8 MPH)
|
Pitching: RHP Michael Untisz
|
|
Batting: RHB Philip Sutton
|
0-0: Ground out 4-3 (Groundball, 4, EV 87.5 MPH) George Hinshaw to third
|
Batting: LHB Mike Woodard
|
0-0: Called Strike 0-1: Ball 1-1: Ball 2-1: Swinging Strike 2-2: SINGLE (Groundball, 6S, EV 72.5 MPH) (infield hit) George Hinshaw scores
|
Batting: LHB Juan Bustabad
|
0-0: Ball 1-0: Ball 2-0: Ball 3-0: Base on Balls Mike Woodard to second
|
Batting: RHB Chris Brown
|
0-0: Called Strike 0-1: Swinging Strike 0-2: Fielders Choice at 2nd, 6-4 (Groundball, 6, EV 86.3 MPH)
|
Top of the 8th over - 1 run, 2 hits, 0 errors, 2 left on base; Appleton 5 - Quincy 0 |
BOTTOM OF THE 8TH |
Quincy Cubs batting - Pitching for Appleton Foxes : RHP Danny Ortiz
|
Now at 1B: George Hinshaw
|
|
Batting: RHB George Crum
|
0-0: SINGLE (Groundball, 4S, EV 73.1 MPH) (infield hit)
|
Batting: RHB Albert Romero
|
0-0: Ball 1-0: Fielders Choice at 2nd, 3-6 (Groundball, 3, EV 85.0 MPH)
|
Batting: SHB Willie Perez
|
0-0: Ball 1-0: Foul Ball, location: 2F 1-1: Fly out, F8 (Flyball, 8LM, EV 95.6 MPH)
|
Batting: RHB Jack Ayer
|
0-0: Fly out, F9 (Line Drive, 9D, EV 98.1 MPH)
|
Bottom of the 8th over - 0 runs, 1 hit, 0 errors, 1 left on base; Appleton 5 - Quincy 0 |
TOP OF THE 9TH |
Appleton Foxes batting - Pitching for Quincy Cubs : RHP Michael Untisz
|
Batting: RHB Robert Gilles
|
0-0: Called Strike 0-1: Ball 1-1: Ball 2-1: Foul Ball, location: 2F 2-2: Foul Ball, location: 2F 2-2: DOUBLE (Flyball, 89D, EV 102.5 MPH)
|
Batting: SHB Matt Gallegos
|
0-0: Foul Ball, location: 2F 0-1: Swinging Strike 0-2: Foul Ball, location: 2F 0-2: Strikes out looking
|
Batting: LHB John Csefalvay
|
0-0: Ball 1-0: Ball 2-0: Ball 3-0: Base on Balls
|
Batting: RHB George Hinshaw
|
0-0: Called Strike 0-1: Ball 1-1: Foul Ball, location: 2F 1-2: Fly out, F8 (Line Drive, 8RD, EV 100.0 MPH)
|
Batting: RHB Jeffery Carl
|
0-0: Called Strike 0-1: Foul Ball, location: 2F 0-2: Ball 1-2: Strikes out swinging
|
Top of the 9th over - 0 runs, 1 hit, 0 errors, 2 left on base; Appleton 5 - Quincy 0 |
BOTTOM OF THE 9TH |
Quincy Cubs batting - Pitching for Appleton Foxes : RHP Danny Ortiz
|
Batting: LHB Matt Nokes
|
0-0: Ball 1-0: Ball 2-0: Ball 3-0: Base on Balls
|
Batting: RHB Billy Best
|
0-0: Ball 1-0: Ball 2-0: Ball 3-0: Base on Balls Matt Nokes to second
|
Batting: RHB Jerry Fry
|
0-0: Called Strike 0-1: Called Strike 0-2: Ball 1-2: Foul Ball, location: 2F 1-2: DOUBLE (Flyball, 89D, EV 98.1 MPH) Matt Nokes scores Billy Best to third
|
Batting: SHB Selwyn Young
|
0-0: Ball 1-0: Ball 2-0: Foul Ball, location: 2F 2-1: Ball 3-1: Ground out 2-3 (Groundball, 15S, EV 71.3 MPH)
|
Batting: RHB Garry Keeton
|
0-0: Ball 1-0: Foul Ball, location: 2F 1-1: Ball 2-1: Swinging Strike 2-2: Ground out 5-3 (Groundball, 56, EV 85.6 MPH) Billy Best scores
|
Batting: RHB George Crum
|
0-0: Called Strike 0-1: Ball 1-1: Called Strike 1-2: Foul Ball, location: 2F 1-2: Ball 2-2: Ball 3-2: Base on Balls
|
Pitching: RHP Jaime Cocanower
|
|
Batting: RHB Albert Romero
|
0-0: SINGLE (Flyball, 5D, EV 85.0 MPH) Jerry Fry to third George Crum to second
|
Batting: SHB Willie Perez
|
0-0: Called Strike 0-1: Ball 1-1: SINGLE (Groundball, 6MD, EV 101.3 MPH) Jerry Fry scores George Crum to third Albert Romero to second
|
Batting: RHB Jack Ayer
|
0-0: Ball 1-0: Ball 2-0: Fly out, F7 (Flyball, 7D, EV 91.9 MPH)
|
Bottom of the 9th over - 3 runs, 3 hits, 0 errors, 3 left on base; Appleton 5 - Quincy 3 |
|